 Dungeon Crawl Stone Soup version 0.30-a0-758-gc2c871d025 (console) character file.

Game seed: 9170484922124920948

534 Banquo the Magician (level 7, 0/49 HPs)
             Began as a Djinni Conjurer on Feb 10, 2023.
             Was a Follower of Nemelex Xobeh.
             Killed from afar by an orc wizard (1 damage)
             ... with a puff of flame
             ... on level 4 of the Dungeon.
             The game lasted 00:17:39 (3733 turns).

Banquo the Magician (Djinni Conjurer)               Turns: 3733, Time: 00:17:39

Health: 0/49       AC:  5    Str:  6    XL:     7   Next: 50%
Gold:   156        EV: 13    Int: 21    God:    Nemelex Xobeh [*.....] SH:  0 Dex: 12

rFire   + + .      SeeInvis .    t - +2 dagger (venom)
rCold   x . .      Faith    .    (no shield)
rNeg    . . .      Spirit   .    a - +0 robe
rPois   ∞          Reflect  .    q - +2 helmet
rElec   .          Harm     .    (no cloak)
rCorr   .          Rampage  .    (no gloves)
Will    .....                    (boots unavailable)
Stlth   ++                       (no amulet)
HPRegen 0.28/turn                (no ring)
MPRegen 0.00/turn                (no ring)

@: flying
A: sickness immunity, fire resistance 2, cold vulnerability 1, float, innate
caster, HP casting, extra vitality 1
a: Renounce Religion, Draw Escape, Draw Destruction, Draw Summoning


You were on level 4 of the Dungeon.
You worshipped Nemelex Xobeh.
Nemelex Xobeh was aware of your devotion.
You visited 2 branches of the dungeon, and saw 6 of its levels.

You collected 156 gold pieces.

Inventory:

Hand Weapons
 i - a +0 war axe
 j - a +0 dagger of holy wrath
 k - a +3 short sword
 t - a +2 dagger of venom (weapon)
Armour
 a - a +0 robe (worn)
 q - a +2 helmet (worn)
Scrolls
 d - 2 scrolls of poison {unknown}
 e - 4 scrolls of teleportation {unknown}
 g - 2 scrolls of vulnerability {unknown}
 h - a scroll of magic mapping {unknown}
 p - a scroll of blinking {unknown}
 r - a scroll of acquirement {unknown}
 s - a scroll of enchant armour {unknown}
Potions
 l - a potion of curing
 m - 2 potions of ambrosia
 n - a potion of might {unknown}
 u - 2 potions of mutation


   Skills:
 * Level 2.6 Fighting
 * Level 3.4 Dodging
 - Level 1.5 Stealth
 + Level 5.6 Spellcasting
 * Level 2.0 Invocations


You couldn't memorise any spells.
You knew the following spells:

 Your Spells              Type           Power      Damage    Failure   Level
a - Magic Dart            Conj           100%       1d8       1%          1
b - Momentum Strike       Conj/Tloc      58%        3d9       1%          2
c - Stone Arrow           Conj/Erth      58%        3d10      3%          3
d - Dazzling Flash        Conj/Hex       58%        N/A       3%          3
k - Kiss of Death         Conj/Necr      100%       2d13      1%          1
m - Iskenderun's Mystic   Conj/Tloc      29%        2d7       10%         4
p - Fulminant Prism       Conj/Hex       14%        3d9       10%         4
r - Searing Ray           Conj           58%        2d6       1%          2
Your spell library was empty.

Dungeon Overview and Level Annotations

Branches:
Dungeon (5/15)             Temple (1/1) D:4

Altars:
Ashenzari
Cheibriados
Dithmenos
Fedhas
Hepliaklqana
Makhleb
Nemelex Xobeh
Okawaru
Qazlal
Ru
Uskayaw
Xom
Zin
The Shining One

Annotations:
D:3 Terence


Innate Abilities, Weirdness & Mutations

You are immune to sickness and miasma.
You are immune to poison.
Your flesh is very heat resistant. (rF++)
You are vulnerable to cold. (rC-)
You float through the air rather than walking.
You learn spells naturally, not from books.
Your magical power is your life essence.
You have superior vitality. (+4 MHP)


Message History

Confirm with . or Enter, or press ? or * to list all spells.
You can't see any susceptible monsters within range! (Use Z to cast anyway.)
Casting: Searing Ray (safe; 1% risk of failure)
Confirm with . or Enter, or press ? or * to list all spells.
Aiming: Searing Ray (safe; 1% risk of failure)
Press: ? - help, Shift-Dir - straight line (Press . to maintain the ray.)
A worm comes into view.
You hear some strange, mumbled words.
A magic dart appears from out of thin air!
The magic dart hits you!
* * * LOW HITPOINT WARNING * * *
The searing ray hits the worm.
The worm is lightly wounded.
* * * LOW HITPOINT WARNING * * *
Something hits you.
* * * LOW HITPOINT WARNING * * *
Casting: Searing Ray (safe; 1% risk of failure)
Confirm with . or Enter, or press ? or * to list all spells.
Casting: Dazzling Flash (dangerous; 3% risk of failure)
Press: ? - help, Dir - look around, f - activate
* * * LOW HITPOINT WARNING * * *
Something hits you but does no damage. Something hits you.
* * * LOW HITPOINT WARNING * * *
Your magical contamination has completely faded away.
Things that are here:
a potion of degeneration; 3 potions of attraction; 2 potions of magic
There is a stone staircase leading up here.
Something hits you.
* * * LOW HITPOINT WARNING * * *
You fly upwards.
Reactivating autopickup.
There is a stone staircase leading down here.
You hear some strange, mumbled words.
A puff of flame appears from out of thin air!
Deactivating autopickup; reactivate with Ctrl-A.
The puff of flame hits you. You resist.
You die...
Your body disappears without a glow.

.................#
######.#######.#.#
##.#######.#.#
#........#.#.#
#..##.##.#.#.#
#..##.##.#.#.# #
#.......<#.#.#
#####.###.##.#.#{#########
(...>...........@>.......#
.####.###.##.#.#..######.#
## #.###.##.......# #.# #
#.......<..##..# #.# #
#.###.##.#.....# #.# #
#........#.##.## #)#
#####.###.##.#.##.# #.#
..........##.#....# #)#
#####.###.##.#.#### #.#


There were no monsters in sight!

Vanquished Creatures
  Sigmund (D:4)
  A scorpion (D:4)
  A hound (D:4)
  2 orc priests
  3 orc wizards (D:4)
  Robin (D:2)
  5 adders
  A worm (D:2)
  2 dart slugs
  11 orcs
  7 endoplasms
  3 giant cockroaches
  13 goblins
  5 hobgoblins
  4 quokkas
  10 ball pythons
  4 bats
  13 frilled lizards (D:3)
  3 kobolds (D:1)
  6 rats
96 creatures vanquished.

Vanquished Creatures (others)
  5 fulminant prisms (D:4)
  9 plants (D:3)
14 creatures vanquished.

Grand Total: 110 creatures vanquished

Notes
Turn   | Place    | Note
-------+----------+-------------------------------------------
     0 | D:1      | Banquo the Djinni Conjurer began the quest for the Orb.
     0 | D:1      | Banquo set off with the following spells memorised: Magic
                  | Dart, Searing Ray, Dazzling Flash, Fulminant Prism,
                  | Iskenderun's Mystic Blast.
     0 | D:1      | Reached XP level 1. HP: 15/15 MP: 0/0
   275 | D:1      | Reached XP level 2. HP: 21/22 MP: 0/0
   407 | D:1      | Found a faded altar of an unknown god.
   832 | D:2      | Reached XP level 3. HP: 23/26 MP: 0/0
   832 | D:2      | Learned a level 1 spell: Kiss of Death
   896 | D:2      | Reached skill level 1 in Fighting
   954 | D:2      | Noticed Robin
   966 | D:1      | Reached skill level 4 in Spellcasting
  1303 | D:1      | Reached XP level 4. HP: 29/32 MP: 0/0
  1438 | D:2      | You are sucked into a shaft and drop 2 floors!
  1494 | D:4      | Found a staircase to the Ecumenical Temple.
  1501 | Temple   | Entered the Ecumenical Temple
  1516 | Temple   | Became a worshipper of Nemelex Xobeh the Trickster
  1985 | D:2      | Killed Robin
  1986 | D:2      | Reached XP level 5. HP: 29/37 MP: 0/0
  1986 | D:2      | Learned a level 2 spell: Momentum Strike
  2196 | D:3      | Found a faded altar of an unknown god.
  2203 | D:3      | Found a hazy altar of Hepliaklqana.
  2408 | D:3      | Reached * piety under Nemelex Xobeh
  2519 | D:3      | Noticed Terence
  2787 | D:3      | Found a shadowy altar of Dithmenos.
  2899 | D:4      | Noticed Sigmund
  2937 | D:4      | Reached skill level 1 in Invocations
  2937 | D:4      | Reached XP level 6. HP: 31/43 MP: 0/0
  3090 | D:4      | Found a glowing silver altar of Zin.
  3121 | D:4      | Reached skill level 5 in Spellcasting
  3249 | D:4      | Received a gift from Nemelex Xobeh
  3537 | D:4      | Found a glowing golden altar of the Shining One.
  3591 | D:4      | Killed Sigmund
  3592 | D:4      | Reached XP level 7. HP: 37/49 MP: 0/0
  3592 | D:4      | Learned a level 3 spell: Stone Arrow
  3696 | D:5      | Entered Level 5 of the Dungeon
  3728 | D:5      | HP: 2/49 [something (1)]
  3733 | D:4      | Killed from afar by an orc wizard

Illustrated notes

Levels and vault maps discovered:
D:1:      dpeg_arrival_concentric_ovals, layout_loops_ring,
          shapermc_ecumenical_altar_rom_forum
D:2:      layout_rooms, uniq_robin
D:3:      layout_basic, nicolae_overflow_ecumenical_swirl,
          mainiacjoe_overflow_small_starburst, kennysheep_doodads,
          minmay_lizard_king, uniq_terence
D:4:      layout_basic, tso_altar, amcnicky_altar_gilded,
          minmay_temple_entry_stoned_glass, kennysheep_pointless_box,
          uniq_sigmund
D:5:      layout_loops_ring, gup_sewer_entry_bowl, minmay_fountain_box,
          uniq_blork_the_orc
Temple:   hellmonk_temple_two_chambers

Skill      XL: |  1  2  3  4  5  6  7 |
---------------+----------------------+-----
Fighting       | 1 2 |  2.6
Spellcasting   | 4 5 |  5.6
Invocations    | 1 2 |  2.0
Dodging        | 3 |  3.4
Stealth        | |  1.5

Action                     |  1- 3 |  4- 6 |  7- 9 || total
---------------------------+-------+-------+-------++-------
  Melee: Dagger            |       |     8 |       ||     8
   Cast: Magic Dart        |    61 |   105 |       ||   166
         Searing Ray       |     4 |     4 |     2 ||    10
         Dazzling Flash    |     1 |       |     1 ||     2
         Fulminant Prism   |       |     5 |       ||     5
         Stone Arrow       |       |       |     6 ||     6
    Use: Scroll            |       |       |     5 ||     5
 Armour: Robe              |       |     7 |     2 ||     9
  Dodge: Dodged            |    14 |    11 |       ||    25

Table legend: (Time is in decaauts)
 A = Elapsed time spent in this place.
 B = Non-inter-level travel time spent in this place.
 C = Inter-level travel time spent in this place.
 D = Time resting spent in this place.
 E = Time spent auto-exploring this place.
 F = Levels seen in this place.
 G = Mean time per level.
                   A        B        C        D        E       F      G
               +--------+--------+--------+--------+--------+-----+--------+
         Total |   3735 |   3358 |    377 |    122 |   2412 |   6 |  622.5 |
       Dungeon |   3715 |   3340 |    375 |    122 |   2402 |   5 |  743.0 |
        Temple |     19 |     17 |      2 |      0 |     10 |   1 |   19.0 |
               +--------+--------+--------+--------+--------+-----+--------+

Top non-repeatable levels by time:
     D:4: 1028 daAuts
     D:1: 987 daAuts
     D:3: 968 daAuts
     D:2: 694 daAuts
     D:5: 35 daAuts
  Temple: 19 daAuts
